 Dungeon Crawl Stone Soup version 0.31.0-32-g396128a36d (webtiles) character file.

Game seed: 10830792858712052612

7868 Doomgape the Fighter (level 11, -1/66 HPs)
             Began as a Gargoyle Fighter on Apr 1, 2024.
             Was a Priest of Hepliaklqana.
             Engulfed by a fire crab (shapeshifter)'s flame (20 damage)
             ... on level 10 of the Dungeon.
             The game lasted 00:25:16 (8578 turns).

Doomgape the Fighter (Gargoyle Fighter)             Turns: 8578, Time: 00:25:16

Health: -1/66      AC: 27    Str: 23    XL:     11   Next: 22%
Magic:  0/2        EV:  7    Int: 10    God:    Hepliaklqana [***...]
Gold:   469        SH:  4    Dex:  9    Spells: 10/10 levels left

rFire   . . .        b - +1 eveningstar (freeze)
rCold   . . .        c - +0 buckler
rNeg    + + .        v - +1 plate armour
rPois   ∞            (no helmet)
rElec   +            F - +2 cloak
rCorr   .            (no gloves)
SInv    .            (no boots)
Will    +....        B - amulet "Afeghat" {Spirit Rampage rN+ MP-9} Stlth
                     h - ring of willpower
HPRegen 0.31/turn    o - +4 ring of slaying
MPRegen 0.08/turn

%: guardian spirit, rampage
@: no status effects
A: reduced essence, sickness immunity, AC +8, negative energy resistance 1,
electricity resistance, torment resistance 1, petrification resistance
a: Renounce Religion, Recall Ancestor, Ancestor Identity, Transference


You were on level 10 of the Dungeon.
You worshipped Hepliaklqana.
Hepliaklqana was most pleased with you.
You visited 2 branches of the dungeon, and saw 11 of its levels.
You also visited: Bailey.

You collected 581 gold pieces.
You spent 112 gold pieces at shops.

Inventory:

Hand Weapons
 b - a +1 eveningstar of freezing (weapon)
 C - a +1 morningstar of venom
Armour
 c - a +0 buckler (worn)
 v - a +1 plate armour (worn)
 F - a +2 cloak (worn)
Jewellery
 h - a ring of willpower (left hand)
 o - a +4 ring of slaying (right hand)
 B - the amulet "Afeghat" (around neck) {Spirit Rampage rN+ MP-9}
   (You acquired it in a bailey)

   [amulet of guardian spirit]

   Spirit:    It causes incoming damage to be divided between your reserves of
   health and magic.
   rN+:       It protects you from negative energy.
   MP-9:      It affects your magic capacity (-9).
   Rampage:   It bestows one free step when moving towards enemies.
 H - a ring of ice
Wands
 a - a wand of flame (11)
 l - a wand of paralysis (15)
 x - a wand of polymorph (8)
Scrolls
 d - a scroll of enchant weapon
 f - a scroll of identify
 i - 3 scrolls of vulnerability
 k - 2 scrolls of revelation
 n - 3 scrolls of noise
 q - 6 scrolls of teleportation
 t - 2 scrolls of enchant armour
 y - a scroll of immolation
 A - a scroll of fog
 D - a scroll of poison
 E - a scroll of blinking
 G - a scroll of brand weapon {unknown}
Potions
 e - a potion of ambrosia {unknown}
 g - a potion of berserk rage
 j - a potion of resistance {unknown}
 m - 2 potions of curing
 p - a potion of heal wounds {unknown}
 r - 8 potions of brilliance
 s - 2 potions of haste {unknown}
 u - 2 potions of invisibility {unknown}
 w - a potion of mutation {unknown}
 z - 3 potions of attraction {unknown}
 I - a potion of cancellation {unknown}


   Skills:
 + Level 11.2 Fighting
 + Level 10.0 Maces & Flails
 + Level 11.1 Armour
 - Level 4.5 Shields


You had 10 spell levels left.
You didn't know any spells.
Your spell library contained the following spells:

 Spells                   Type           Power      Damage    Failure   Level
 Sandblast                Erth           0%         2d4       99%         1
 Scorch                   Fire           0%         2d5       100%        2
 Summon Ice Beast         Ice/Summ       0%         N/A       100%        3
 Flame Wave               Conj/Fire      0%         2d4       100%        4
 Petrify                  Alch/Erth      0%         N/A       100%        4
 Irradiate                Conj/Alch      0%         3d11      100%        5
 Summon Mana Viper        Hex/Summ       0%         N/A       100%        5
 Summon Cactus Giant      Summ           0%         N/A       100%        6
 Monstrous Menagerie      Summ           0%         N/A       100%        7
 Sublimation of Blood     Necr           Unusable   N/A       N/A         2

Dungeon Overview and Level Annotations

Branches:
Dungeon (10/15)            Temple (1/1) D:6          Bailey (visited)
   Lair: D:8-11         Orc: D:9-12

Altars:
Ashenzari
Cheibriados
Elyvilon
Fedhas
Gozag
Hepliaklqana
Kikubaaqudgha
Makhleb
Nemelex Xobeh
Okawaru
Qazlal
Ru
Sif Muna
Trog
Uskayaw
Wu Jian
Xom
Yredelemnul
Zin
The Shining One

Shops:
D:6 [   D:7 *   D:9 ?

Annotations:
D:5 2 transporters, pretsel's ghost, novice DsSh


Innate Abilities, Weirdness & Mutations

Your life essence is reduced to manifest your ancestor. (-10% HP)
You are immune to sickness and miasma.
Your stone body is resilient. (AC +8)
You are immune to poison.
You resist negative energy. (rN+)
You are resistant to electric shocks. (rElec)
You are resistant to unholy torment.
You are immune to petrification.


Message History

Anya casts a spell at the fire crab.
The puff of frost hits the fire crab!
Your Maces & Flails skill increases to level 10!
Unknown command.
Unknown command.
You hit the fire crab but do no damage.
The fire crab is moderately wounded.
Something hits you but does no damage.
Deactivating autopickup; reactivate with Ctrl-A.
The fire crab misses you. You block the fire crab's attack.
Unknown command.
You sock the fire crab! You freeze the fire crab!
The fire crab is severely wounded.
The fire crab bites you but does no damage.
The fire crab claws you.
You are engulfed in flames!
Unknown command.
You barely miss the fire crab.
The fire crab is severely wounded.
Something hits you.
* * * LOW HITPOINT WARNING * * *
The fire crab bites you but does no damage.
The fire crab claws you but does no damage.
You block the yak's attack.
You swap places.
The yak barely misses Anya.
Something closely misses Anya.
Something claws Anya.
Anya is engulfed in flames.
Anya resists.
Okay, then.
Okay, then.
The yak gores Anya!
Something closely misses Anya.
Something claws Anya.
Anya is engulfed in flames!
Anya resists.
Anya gestures at the yak while chanting.
The stone arrow hits the yak!
Something bites Anya!
Anya is engulfed in flames.
Anya resists.
Anya is destroyed!
The water moccasin changes into a spriggan!
The fire crab breathes flames at you.
You are engulfed in blazing flames.
You die...

......... ### #.... .........
##.## .... #.........##.
#...######..## ..........#..
##.......##.).#...........#..
##........##.............#....
#.........##..#.....#....#....
##........#○○###....#...##..##
#.........○○@##...##.#......#
##.......○#☼○#....##.#.......
#.....#..#○○○....#.....####.
###.......°..○..###...### #.
#.........☼.........### #.
##..#..i..○.......###
#####...t.....#### ##
#.......### # ##.###....###


You could see a fire crab.

Vanquished Creatures
  An orc warlord (Bailey)
  Fannar (D:10)
  An ugly thing (D:10)
  2 orc knights (Bailey)
  A cyclops (D:8)
  A wyvern (D:9)
  4 water moccasins
  2 sky beasts
  2 orc warriors
  2 ice beasts
  2 black bears
  3 centaurs
  A phantom (D:5)
  A necrophage (D:6)
  4 bullfrogs
  A wyvern zombie (D:6)
  8 wights (D:6)
  8 howler monkeys
  3 bombardier beetles
  A bullfrog zombie (D:6)
  2 hounds
  A human zombie (D:6)
  3 jellies
  A centaur zombie (D:6)
  Crazy Yiuf (D:4)
  5 sleepcaps
  A gnoll bouda (D:6)
  4 iguanas
  2 orc wizards
  2 killer bee zombies (D:6)
  A howler monkey zombie (D:6)
  9 gnolls
  8 adders
  A shadow imp (D:6)
  A ribbon worm (D:2)
  2 dart slugs (D:1)
  13 orcs
  4 bats
  5 endoplasms
  4 giant cockroaches
  8 hobgoblins
  6 jackals
  14 kobolds
  2 quokkas
  9 ball pythons
  2 frilled lizards
  13 goblins
  5 rats
178 creatures vanquished.

Vanquished Creatures (collateral kills)
  4 wyverns
  A shadow (D:9)
  An acid dragon (D:9)
  An orc warrior (D:9)
  3 howler monkeys
  An orc wizard (D:9)
  A gnoll (Bailey)
  3 orcs (D:9)
  A goblin (D:8)
  2 kobolds (Bailey)
18 creatures vanquished.

Vanquished Creatures (others)
  A battlemage (D:10)
  3 ancestors
4 creatures vanquished.

Grand Total: 200 creatures vanquished

Notes
Turn   | Place    | Note
-------+----------+-------------------------------------------
     0 | D:1      | Doomgape the Gargoyle Fighter began the quest for the Orb.
     0 | D:1      | Reached XP level 1. HP: 14/14 MP: 1/1
   156 | D:1      | Reached XP level 2. HP: 19/19 MP: 2/2
   502 | D:1      | Reached XP level 3. HP: 23/23 MP: 3/3
   502 | D:1      | Found a faded altar of an unknown god.
   530 | D:1      | Got Plato's Lessons on the Caves
  1150 | D:2      | Reached XP level 4. HP: 29/29 MP: 4/4
  1170 | D:2      | Found a bloodstained altar of Trog.
  1646 | D:3      | You fall into a shaft and drop 1 floor!
  1784 | D:3      | Found a burning altar of Makhleb.
  1786 | D:3      | Found a faded altar of an unknown god.
  1889 | D:4      | Reached XP level 5. HP: 27/33 MP: 5/5
  2325 | D:4      | Found a runed translucent door.
  2326 | D:4      | Noticed Crazy Yiuf
  2335 | D:4      | Killed Crazy Yiuf
  2611 | D:5      | Entered Level 5 of the Dungeon
  2865 | D:3      | Found a shimmering blue altar of Sif Muna.
  3539 | D:5      | Reached XP level 6. HP: 39/39 MP: 6/6
  3584 | D:5      | Found a transporter.
  3586 | D:5      | Found a transporter.
  3673 | D:5      | Noticed a water moccasin
  3684 | D:5      | Killed a water moccasin
  3685 | D:5      | Reached skill level 5 in Fighting
  3685 | D:5      | Reached skill level 5 in Armour
  3685 | D:5      | Reached XP level 7. HP: 44/44 MP: 7/7
  3784 | D:5      | Noticed pretsel's ghost (novice DsSh)
  3943 | D:5      | Identified a scroll of acquirement
  3943 | D:5      | Acquired a +1 eveningstar of freezing
  4390 | D:6      | Reached skill level 5 in Maces & Flails
  4390 | D:6      | Reached XP level 8. HP: 51/51 MP: 8/8
  4424 | D:6      | Found a basalt altar of Yredelemnul.
  4729 | D:6      | Found Muvuc's Antique Armour Emporium.
  4783 | D:6      | Reached XP level 9. HP: 57/57 MP: 9/9
  4978 | D:6      | Found a staircase to the Ecumenical Temple.
  4987 | Temple   | Entered the Ecumenical Temple
  5007 | Temple   | Became a worshipper of Hepliaklqana the Forgotten
  5774 | D:7      | Found Muffyato's Assorted Antiques.
  6022 | D:7      | Reached * piety under Hepliaklqana
  6331 | D:8      | Found a flagged portal.
  6333 | D:8      | Noticed a cyclops
  6548 | Bailey   | Entered a bailey
  6590 | Bailey   | Noticed an orc warlord
  6622 | Bailey   | Noticed an orc knight
  6630 | Bailey   | Killed an orc knight
  6631 | Bailey   | Reached XP level 10. HP: 50/59 MP: 10/10
  6635 | Bailey   | Noticed an orc knight
  6655 | Bailey   | Killed an orc knight
  6748 | Bailey   | Found a runed translucent gate.
  6748 | Bailey   | Found a runed translucent gate.
  6767 | Bailey   | Found a runed translucent gate.
  6865 | Bailey   | Killed an orc warlord
  6866 | Bailey   | Reached skill level 10 in Fighting
  6866 | Bailey   | Reached skill level 10 in Armour
  6935 | Bailey   | Acquired the amulet "Afeghat" {Spirit Rampage rN+ MP-9}
  7064 | D:8      | Killed a cyclops
  7351 | D:8      | Reached ** piety under Hepliaklqana
  7352 | D:8      | Remembered your ancestor Anya as a battlemage
  7741 | D:9      | Found Zucsyog's Magic Scroll Emporium.
  7754 | D:9      | Bought a scroll of blinking for 112 gold pieces
  7887 | D:9      | Found an ornate altar of the Wu Jian Council.
  8154 | D:9      | Reached XP level 11. HP: 60/65 MP: 0/11
  8422 | D:10     | Entered Level 10 of the Dungeon
  8422 | D:10     | Noticed Fannar
  8422 | D:10     | Reached *** piety under Hepliaklqana
  8436 | D:10     | Killed Fannar
  8557 | D:10     | Noticed a brown ugly thing
  8558 | D:10     | Noticed an ogre mage
  8561 | D:10     | Noticed a fire crab
  8562 | D:10     | Killed a brown ugly thing
  8563 | D:10     | Reached skill level 10 in Maces & Flails
  8578 | D:10     | Engulfed by a fire crab (shapeshifter)'s flame

Illustrated notes

Levels and vault maps discovered:
D:1:      psy_arrival_radial01, layout_rooms, serial_forest,
          infiniplex_forest_end_1, infiniplex_forest_lined_corner,
          infiniplex_forest_fountain, infiniplex_forest_clump_double,
          infiniplex_forest_lined_3, infiniplex_forest_straight_2,
          infiniplex_forest_fountain, infiniplex_forest_corner_1,
          shapermc_ecumenical_altar_rom_forum
D:2:      layout_basic, basic_altar, nicolae_the_louvre
D:3:      layout_loops_ring, mainiacjoe_overflow_cross_hatched,
          nicolae_overflow_ecumenical_swirl, kennysheep_flooded_box
D:4:      layout_layer_cave, uniq_crazy_yiuf_cottage
D:5:      layout_basic, gammafunk_ghost_abyssal_escape
D:6:      layout_rooms, lemuel_mausoleum_altar_yredelemnul,
          minmay_temple_entry_arrows, serial_shops, shop, grunt_ministairs_10,
          st_stairs_2, nrook_mini_vaults, hangedman_decor_slide_cut
D:7:      layout_basic, serial_shops, shop, grunt_ministairs_10
D:8:      layout_gridville, enter_bailey_5
D:9:      layout_small_grid, nzn_wu_jian_contemplation, serial_shops, shop,
          supply_closet_lemuel
D:10:     minmay_the_grid_triangle_9x9_rhombus_thin
          [minmay_the_grid_triangle_9x9_stretched_checkered,
          minmay_the_grid_triangle_9x9_prize_schism,
          minmay_the_grid_triangle_9x9_pentomino_pain,
          minmay_the_grid_triangle_9x9_intruding_spiral], layout_cave_pools,
          mainiacjoe_overflow_24_doors, mainiacjoe_overflow_chevrons,
          zombieorc2_lemuel, uniq_fannar
Temple:   nicolae_temple_x_marks_the_god

Skill      XL: |  1  2  3  4  5  6  7  8  9 10 11 |
---------------+----------------------------------+-----
Fighting       | 4 5 6 7 9 10 11 | 11.2
Armour         | 4 5 6 7 9 10 11 | 11.1
Shields        | 4 |  4.5
Maces & Flails | 3 4 5 6 8 9 10 | 10.0

Action                     |  1- 3 |  4- 6 |  7- 9 | 10-12 || total
---------------------------+-------+-------+-------+-------++-------
  Melee: Flail             |   127 |   104 |    25 |       ||   256
         Eveningstar       |       |       |   200 |   101 ||   301
 Invoke: Ancestor Identity |       |       |     1 |       ||     1
         Ancestor Life: Ba |       |       |       |     1 ||     1
    Use: Scroll            |     3 |     1 |     9 |     1 ||    14
         Potion            |       |       |     1 |     3 ||     4
   Stab: Distracted        |       |       |     1 |     1 ||     2
 Armour: Scale mail        |    81 |    26 |       |       ||   107
         Plate armour      |       |    51 |   297 |   112 ||   460
         Chain mail        |       |     6 |       |       ||     6
  Dodge: Dodged            |   103 |    33 |    62 |    27 ||   225
  Block: Buckler           |    38 |    24 |    56 |    21 ||   139
